 Dungeon Crawl Stone Soup version 0.31-a0-743-g45f7035092 (webtiles) character file.

Game seed: 8325896443237981253

640 cforsyth the Trooper (level 7, 0/51 HPs)
             Began as a Djinni Chaos Knight on Sept 13, 2023.
             Was a Follower of Hepliaklqana.
             Shot with an arrow by a centaur (2 damage)
             ... on level 5 of the Dungeon.
             The game lasted 00:05:44 (4228 turns).

cforsyth the Trooper (Djinni Chaos Knight)          Turns: 4228, Time: 00:05:44

Health: 0/51       AC:  6    Str: 11    XL:     7   Next: 80%
Gold:   267        EV: 11    Int: 19    God:    Hepliaklqana [*.....] SH:  0 Dex: 13

rFire   + + +        s - +5 hammer "Cepriojo" {vamp, Int+4}
rCold   . . .        (no shield)
rNeg    . . .        b - +2 leather armour
rPois   ∞            (no helmet)
rElec   +            r - +0 cloak
rCorr   +            (no gloves)
SInv    .            (boots unavailable)
Will    .....        k - amulet of faith
Stlth   +            (no ring)
HPRegen 0.28/turn    (no ring)
MPRegen 0.00/turn

%: faith, infuse magic (-1 HP)
@: resistant, flying, hasted, very quick
A: reduced essence, sickness immunity, fire resistance 2, cold vulnerability 1,
float, innate caster, HP casting, extra vitality 1
a: Renounce Religion, Recall Ancestor, Ancestor Identity


You were on level 5 of the Dungeon.
You worshipped Hepliaklqana.
Hepliaklqana was aware of your devotion.
You visited 2 branches of the dungeon, and saw 6 of its levels.

You collected 267 gold pieces.

Inventory:

Hand Weapons
 a - a +0 falchion of chaos
 s - the +5 hammer "Cepriojo" (weapon) {vamp, Int+4}
   (You found it on level 4 of the Dungeon)

   Int+4:     It affects your intelligence (+4).
Armour
 b - a +2 leather armour (worn)
 r - a +0 cloak (worn)
Jewellery
 k - an amulet of faith (around neck)
 o - a ring of ice
Scrolls
 c - a scroll of enchant weapon {unknown}
 d - 2 scrolls of fear {unknown}
 e - 3 scrolls of teleportation {unknown}
 f - 2 scrolls of vulnerability {unknown}
 g - a scroll of immolation {unknown}
 h - a scroll of amnesia {unknown}
 i - 2 scrolls of identify {unknown}
 m - a scroll of blinking {unknown}
 t - a scroll of fog {unknown}
 v - a scroll of revelation {unknown}
Potions
 j - a potion of might {unknown}
 l - a potion of haste
 n - a potion of resistance
 p - a potion of degeneration {unknown}
 q - a potion of mutation {unknown}
 u - a potion of ambrosia {unknown}
 w - a potion of berserk rage {unknown}


   Skills:
 + Level 6.3 Fighting
 - Level 2.6 Long Blades
 - Level 1.0 Armour
 - Level 2.1 Dodging
 + Level 3.9 Spellcasting
 + Level 3.9 Conjurations
 + Level 3.9 Hexes
   Level 0.0 Charms
 + Level 3.9 Summonings
 + Level 3.9 Necromancy
 + Level 3.9 Translocations
 + Level 3.9 Transmutations
 + Level 3.9 Fire Magic
 + Level 3.9 Ice Magic
 + Level 3.9 Air Magic
 + Level 3.9 Earth Magic
 + Level 3.9 Poison Magic


You knew the following spells:

 Your Spells              Type           Power      Damage    Failure   Level
a - Freeze                Ice            72%        1d8       3%          1
b - Passwall              Tmut/Erth      15%        N/A       5%          2
c - Call Canine Familiar  Summ           18%        N/A       11%         3
Your spell library was empty.

Dungeon Overview and Level Annotations

Branches:
Dungeon (5/15)             Temple (1/1) D:4

Altars:
Ashenzari
Cheibriados
Dithmenos
Elyvilon
Fedhas
Gozag
Hepliaklqana
Nemelex Xobeh
Qazlal
Ru
Trog
Uskayaw
Wu Jian
Xom
Yredelemnul
Zin


Innate Abilities, Weirdness & Mutations

Your life essence is reduced to manifest your ancestor. (-10% HP)
You are immune to sickness and miasma.
You are immune to poison.
Your flesh is very heat resistant. (rF++)
You are vulnerable to cold. (rC-)
You float through the air rather than walking.
You learn spells naturally, not from books.
Your magical power is your life essence.
You have superior vitality. (+4 MHP)


Message History

The centaur shouts!
The centaur wields a +0 orcbow.
The centaur shoots an arrow.
The arrow hits you!
The centaur moves out of view.
A centaur is nearby!
A centaur is nearby!
A centaur is nearby!
A centaur is nearby!
A jelly comes into view.
The jelly quivers.
The centaur shoots an arrow.
The arrow hits you!
The centaur shoots an arrow.
The arrow hits you!
You are too injured to fight recklessly!
You are too injured to fight recklessly!
You are too injured to fight recklessly!
You are too injured to fight recklessly!
The centaur unwields a +0 orcbow.
The centaur hits you but does no damage.
The centaur closely misses you.
Casting: Call Canine Familiar (dangerous; 11% risk of failure)
Confirm with . or Enter, or press ? or * to list all spells.
The centaur hits you.
* * * LOW HITPOINT WARNING * * *
The centaur kicks you but does no damage.
The centaur barely misses you.
The centaur kicks you but does no damage.
Your hound bites the centaur but does no damage.
The centaur wields a +0 orcbow.
The centaur shoots an arrow.
The arrow closely misses your hound. The arrow hits you!
* * * LOW HITPOINT WARNING * * *
It was a potion of haste.
You feel yourself speed up.
Your hound barely misses the centaur.
The centaur unwields a +0 orcbow.
The centaur hits your hound but does no damage.
The centaur barely misses your hound.
The jelly hits your hound but does no damage.
Tawil hits the centaur.
Your hound closely misses the centaur.
It was a potion of resistance.
You feel protected.
The centaur wields a +0 orcbow.
The centaur shoots an arrow.
The arrow closely misses your hound. The arrow hits you.
You die...

#.##### #.#
#####.#
#.....#
#.###### #.#
.. #.##.#####
#.###.RJ......
#....@hc.#####
#.######.# .#
#


You could see the friendly Tawil the ancestor, a centaur (ally target), a jelly
and a friendly hound (summoned).

Vanquished Creatures
  A scorpion (D:4)
  A killer bee (D:2)
  2 jellies (D:2)
  A hound (D:4)
  An iguana (D:4)
  A sleepcap (D:5)
  7 adders
  A worm (D:2)
  3 dart slugs
  6 orcs
  12 ball pythons
  10 endoplasms
  A giant cockroach (D:2)
  5 goblins
  7 hobgoblins
  3 jackals
  12 kobolds
  9 quokkas
  7 bats
  4 frilled lizards
  5 rats
99 creatures vanquished.

Vanquished Creatures (collateral kills)
  A phantom (D:5)
  A howler monkey (D:5)
  Crazy Yiuf (D:4)
  A hound (D:5)
  A sleepcap (D:5)
  An orc wizard (D:5)
  8 orcs (D:5)
  A jackal (D:2)
  A frilled lizard (D:2)
16 creatures vanquished.

Vanquished Creatures (others)
  An ancestor (D:4)
  A dart slug zombie (D:2)
2 creatures vanquished.

Grand Total: 117 creatures vanquished

Notes
Turn   | Place    | Note
-------+----------+-------------------------------------------
     0 | D:1      | cforsyth the Djinni Chaos Knight began the quest for the
                  | Orb.
     0 | D:1      | Reached XP level 1. HP: 20/20 MP: 0/0
    71 | D:1      | Reached XP level 2. HP: 15/25 MP: 0/0
   166 | D:1      | XOM: 2-stop teleportation journey
   296 | D:1      | Reached skill level 1 in Spellcasting
   296 | D:1      | Reached skill level 1 in Conjurations
   296 | D:1      | Reached skill level 1 in Hexes
   296 | D:1      | Reached skill level 1 in Summonings
   296 | D:1      | Reached skill level 1 in Necromancy
   296 | D:1      | Reached skill level 1 in Translocations
   296 | D:1      | Reached skill level 1 in Transmutations
   296 | D:1      | Reached skill level 1 in Fire Magic
   296 | D:1      | Reached skill level 1 in Ice Magic
   296 | D:1      | Reached skill level 1 in Air Magic
   296 | D:1      | Reached skill level 1 in Earth Magic
   296 | D:1      | Reached skill level 1 in Poison Magic
   313 | D:1      | Reached XP level 3. HP: 14/30 MP: 0/0
   313 | D:1      | Learned a level 1 spell: Freeze
   790 | D:2      | Reached skill level 4 in Fighting
   790 | D:2      | Reached XP level 4. HP: 24/37 MP: 0/0
   932 | D:2      | Reached XP level 5. HP: 33/42 MP: 0/0
   932 | D:2      | Learned a level 2 spell: Passwall
  1005 | D:2      | XOM: god gift: phial of floods
  1401 | D:2      | XOM: summons 1 hostile demon
  1434 | D:2      | XOM: butterfly on damage
  1546 | D:2      | a hobgoblin changed into a glowing shapeshifter
  1546 | D:2      | Noticed a glowing shapeshifter (glowing shapeshifter)
  1546 | D:2      | a glowing shapeshifter changed into a swamp dragon
  1546 | D:2      | Noticed a swamp dragon (glowing shapeshifter)
  1546 | D:2      | a swamp dragon changed into a merfolk
  1546 | D:2      | Noticed a merfolk (glowing shapeshifter)
  1549 | D:2      | a merfolk changed into a manticore
  1549 | D:2      | Noticed a manticore (glowing shapeshifter)
  1551 | D:2      | Xom revived you
  1567 | D:2      | Found a basalt altar of Yredelemnul.
  1939 | D:3      | XOM: confusion (+ monsters)
  1955 | D:3      | Reached XP level 6. HP: 42/49 MP: 0/0
  2097 | D:3      | XOM: 2-stop teleportation journey
  2195 | D:3      | Found a faded altar of an unknown god.
  2200 | D:3      | XOM: polymorph ball python -> quokka
  2319 | D:3      | Reached skill level 5 in Fighting
  2469 | D:4      | Found a staircase to the Ecumenical Temple.
  2489 | Temple   | Entered the Ecumenical Temple
  2511 | Temple   | Fell from the grace of Xom
  2511 | Temple   | Became a worshipper of Hepliaklqana the Forgotten
  3012 | D:4      | Reached * piety under Hepliaklqana
  3026 | D:4      | Reached XP level 7. HP: 46/48 MP: 0/0
  3026 | D:4      | Learned a level 3 spell: Call Canine Familiar
  3207 | D:4      | Found a sacrificial altar of Ru.
  3207 | D:4      | Found a stormy altar of Qazlal.
  3208 | D:4      | Found a snail-covered altar of Cheibriados.
  3629 | D:4      | Found a runed translucent door.
  3630 | D:4      | Noticed Crazy Yiuf
  3641 | D:4      | Killed Crazy Yiuf
  3653 | D:4      | Identified the +5 hammer "Cepriojo" {vamp, Int+4}
  3708 | D:5      | Entered Level 5 of the Dungeon
  3805 | D:5      | XOM: 3-stop teleportation journey
  3951 | D:5      | Reached skill level 6 in Fighting
  4226 | D:5      | HP: 2/51 [centaur/arrow (13)]
  4228 | D:5      | Shot with an arrow by a centaur

Illustrated notes

Levels and vault maps discovered:
D:1:      minmay_arrival_nine_rooms, layout_rooms, minmay_domino_4
D:2:      cheibrodos_fertilizer, layout_basic, basic_altar,
          nicolae_underground_beach
D:3:      layout_rooms, nicolae_ecumenical_snake_handling
D:4:      layout_basic, chequers_temple_overflow_statue_of_worship,
          minmay_temple_entry_overgrown, uniq_crazy_yiuf_cottage
D:5:      layout_basic, dreamdust_princess_bridge
Temple:   jpeg_temple_clearing

Skill      XL: |  1  2  3  4  5  6  7 |
---------------+----------------------+-----
Spellcasting   | 1 2 3 |  3.9
Conjurations   | 1 2 3 |  3.9
Hexes          | 1 2 3 |  3.9
Summonings     | 1 2 3 |  3.9
Necromancy     | 1 2 3 |  3.9
Translocations | 1 2 3 |  3.9
Transmutations | 1 2 3 |  3.9
Fire Magic     | 1 2 3 |  3.9
Ice Magic      | 1 2 3 |  3.9
Air Magic      | 1 2 3 |  3.9
Earth Magic    | 1 2 3 |  3.9
Poison Magic   | 1 2 3 |  3.9
Fighting       | 4 5 6 |  6.3
Long Blades    | |  2.6
Armour         | |  1.0
Dodging        | |  2.1

Action                     |  1- 3 |  4- 6 |  7- 9 || total
---------------------------+-------+-------+-------++-------
  Melee: Falchion          |    80 |   275 |    22 ||   377
         Punch             |     1 |     3 |     1 ||     5
         Mace              |       |       |    15 ||    15
   Cast: Freeze            |       |     1 |       ||     1
         Call Canine Famil |       |       |     9 ||     9
 Invoke: Recall Ancestor   |       |       |     1 ||     1
    Use: Potion            |       |     1 |     2 ||     3
         Scroll            |       |     1 |       ||     1
   Stab: Petrified         |       |     4 |       ||     4
         Distracted        |       |     1 |     1 ||     2
 Armour: Leather armour    |    90 |   216 |    45 ||   351
  Dodge: Dodged            |    76 |   180 |    18 ||   274

Table legend: (Time is in decaauts)
 A = Elapsed time spent in this place.
 B = Non-inter-level travel time spent in this place.
 C = Inter-level travel time spent in this place.
 D = Time resting spent in this place.
 E = Time spent auto-exploring this place.
 F = Levels seen in this place.
 G = Mean time per level.
                   A        B        C        D        E       F      G
               +--------+--------+--------+--------+--------+-----+--------+
         Total |   4306 |   4195 |    111 |      0 |   3225 |   6 |  717.7 |
       Dungeon |   4263 |   4190 |     73 |      0 |   3225 |   5 |  852.6 |
        Temple |     42 |      4 |     38 |      0 |      0 |   1 |   42.0 |
               +--------+--------+--------+--------+--------+-----+--------+

Top non-repeatable levels by time:
     D:4: 1271 daAuts
     D:2: 975 daAuts
     D:3: 846 daAuts
     D:1: 634 daAuts
     D:5: 535 daAuts
  Temple: 42 daAuts
